 Dungeon Crawl Stone Soup version 0.27.0-1-g7a089689b8 (webtiles) character file.

Game seed: 8077881349657966892

33 Crownlay the Shooter (level 3, -3/30 HPs)
             Began as a Minotaur Hunter on Aug 12, 2021.
             Slain by a black bear (4 damage)
             ... on level 2 of the Dungeon.
             The game lasted 00:01:58 (1412 turns).

Crownlay the Shooter (Minotaur Hunter)              Turns: 1412, Time: 00:01:59

Health: -3/30      AC:  3    Str: 16    XL:     3   Next: 12%
Magic:  2/2        EV: 11    Int:  8    God:
Gold:   53         SH:  0    Dex: 11    Spells: 2/2 levels left

rFire    . . .     SeeInvis .   b - +0 short sword
rCold    . . .     Faith    .   (no shield)
rNeg     . . .     Spirit   .   c - +0 leather armour
rPois    .         Reflect  .   (helmet restricted)
rElec    .         Harm     .   (no cloak)
rCorr    .         Rampage  .   (no gloves)
Will     .....                  (no boots)
Stlth    +.........             (no amulet)
HPRegen  0.10/turn              (no ring)
MPRegen  0.08/turn              (no ring)

@: no status effects
A: horns 2, retaliatory headbutt
a: no special abilities


You were on level 2 of the Dungeon.
You visited 1 branch of the dungeon, and saw 2 of its levels.

You collected 53 gold pieces.

Inventory:

Hand Weapons
 a - a +1 shortbow
 b - a +0 short sword (weapon)
Missiles
 d - 34 arrows
Armour
 c - a +0 leather armour (worn)
Scrolls
 e - a scroll of fear {unknown}
 g - a scroll of identify {unknown}
 h - a scroll of noise {unknown}
Potions
 f - 2 potions of heal wounds {unknown}


   Skills:
 - Level 2.4 Fighting
 + Level 5.6 Bows
 - Level 2.1 Dodging
 - Level 0.7 Stealth


You had 2 spell levels left.
You didn't know any spells.
Your spell library contained the following spells:

 Spells                   Type           Power      Damage    Failure   Level
 Beastly Appendage        Tmut           0%         N/A       47%         1
 Wereblood                Tmut           0%         N/A       63%         2
 Spider Form              Tmut/Pois      0%         N/A       85%         3


Dungeon Overview and Level Annotations

Branches:
Dungeon (2/15)

Altars:


Innate Abilities, Weirdness & Mutations

You have a pair of horns on your head.
You reflexively headbutt those who attack you in melee.


Message History

You see here a frilled lizard corpse.
You open the door.
A black bear comes into view.
The black bear growls angrily.
There is an open door here.
You barely miss the black bear. You headbutt the black bear!
The black bear is moderately wounded.
The black bear bites you.
The black bear claws you but does no damage.
The black bear claws you.
You closely miss the black bear.
The black bear is moderately wounded.
The black bear closely misses you. x2
The black bear claws you but does no damage.
You barely miss the black bear. Your headbutt misses the black bear.
The black bear is moderately wounded.
The black bear bites you! The black bear claws you.
The black bear claws you but does no damage.
You hit the black bear. You headbutt the black bear.
The black bear is moderately wounded.
The black bear barely misses you. You furiously retaliate!
You headbutt the black bear.
The black bear claws you but does no damage. x2
You barely miss the black bear. You headbutt the black bear.
The black bear is heavily wounded.
The black bear bites you. The black bear claws you.
* * * LOW HITPOINT WARNING * * *
The black bear claws you.
* * * LOW HITPOINT WARNING * * *
You are too injured to fight recklessly!
You are too injured to fight recklessly!
You are too injured to fight recklessly!
You hit the black bear.
The black bear is severely wounded.
The black bear bites you.
* * * LOW HITPOINT WARNING * * *
The black bear claws you.
* * * LOW HITPOINT WARNING * * *
The black bear claws you.
You die...

###### ###### #....#
...... .....+ ######
#....#### #####
#........ ....#
#h....... ....#
#@.......
....############........
....'......†...'........
.)..############........
....# ......... ....#
......... ....#
#......... ....#
#......... ....#####
#.........


You could see a black bear.

Vanquished Creatures
  An adder (D:2)
  A worm (D:2)
  3 ball pythons (D:1)
  2 bats (D:1)
  4 endoplasms (D:1)
  A giant cockroach (D:1)
  2 hobgoblins
  A quokka (D:1)
  3 frilled lizards
  2 rats (D:1)
20 creatures vanquished.

Notes
Turn   | Place    | Note
-------+----------+-------------------------------------------
     0 | D:1      | Crownlay the Minotaur Hunter began the quest for the Orb.
     0 | D:1      | Reached XP level 1. HP: 18/18 MP: 0/0
    58 | D:1      | Found a faded altar of an unknown god.
   294 | D:1      | Reached XP level 2. HP: 20/25 MP: 1/1
   440 | D:1      | Reached skill level 5 in Bows
  1321 | D:2      | Reached XP level 3. HP: 29/30 MP: 2/2
  1404 | D:2      | Noticed a black bear
  1412 | D:2      | HP: 1/30 [black bear (2)]
  1412 | D:2      | Slain by a black bear

Illustrated notes

Levels and vault maps discovered:
D:1:      matt_arrival_diagonals, layout_basic, ebering_ecumenical_altar_ruins
D:2:      layout_basic, minmay_quadrilaterals

Skill      XL: |  1  2 |
---------------+-------+-----
Bows           | 5 |  5.6
Fighting       | |  2.4
Dodging        | |  2.1
Stealth        | |  0.7

Action                   || total
-------------------------++-------
Melee: Short sword       ||    55
       Headbutt          ||     4
 Stab: Sleeping          ||     1
Armor: Leather armour    ||    14
Dodge: Dodged            ||    34
